 Dungeon Crawl Stone Soup version 0.21.1-1-g345015f (webtiles) character file.

487 shakethe the Insei (level 7, -6/43 HPs)
             Began as an Octopode Transmuter on Feb 7, 2018.
             Killed from afar by Duvessa (7 damage)
             ... with a wand of flame (26)
             ... on level 4 of the Dungeon.
             The game lasted 00:14:33 (5153 turns).

shakethe the Insei (Octopode Transmuter)            Turns: 5153, Time: 00:14:34

Health: -6/43      AC:  1    Str:  9    XL:     7   Next: 13%
Magic:  12/12      EV: 13    Int: 15    God:
Gold:   231        SH:  0    Dex: 15    Spells: 8/12 levels left

rFire    . . .     SeeInvis .     - Unarmed
rCold    . . .     Gourm    .   (no shield)
rNeg     . . .     Faith    .   (helmet restricted)
rPois    .         Spirit   .   (no amulet)
rElec    .         Reflect  .   r - ring of flight
rCorr    .         Harm     .   (no ring)
MR       .....                  (no ring)
Stlth    ++++......             (no ring)
HPRegen  0.14/turn              (no ring)
MPRegen  0.13/turn              (no ring)
                                (no ring)
                                (no ring)

@: appendage
A: almost no armour, stealthy swim, amphibious, 8 rings, constrict 8, tentacle
spike 3, camouflage 1, gelatinous body 1
a: End Transformation, Evoke Flight


You were on level 4 of the Dungeon.
You were not hungry.
One of your tentacles had a temporary spike.
You visited 1 branch of the dungeon, and saw 4 of its levels.

You collected 231 gold pieces.

Inventory:

Missiles
 a - 34 arrows
Jewellery
 r - a ring of flight (left tentacle)
Wands
 t - a wand of clouds (5)
 y - a wand of iceblast (9)
 z - a wand of flame (25)
Scrolls
 e - 4 scrolls of identify {unknown}
 f - 2 scrolls of enchant weapon {unknown}
 h - 2 scrolls of noise {unknown}
 j - a scroll of enchant armour {unknown}
 o - 3 scrolls of teleportation {unknown}
 p - a scroll of amnesia {unknown}
 q - a scroll of blinking {unknown}
 w - a scroll of random uselessness {unknown}
Potions
 d - a potion of magic {unknown}
 g - 2 potions of degeneration {unknown}
 i - a potion of agility {unknown}
 k - a potion of berserk rage {unknown}
 l - a potion of flight {unknown}
 m - a potion of resistance {unknown}
 n - a potion of brilliance {unknown}
 s - a potion of curing
 v - a potion of ambrosia {unknown}
 x - a potion of might {unknown}
Books
 b - a book of Changes

   Spells                             Type                      Level
   a - Beastly Appendage              Transmutation                1
   b - Sticks to Snakes               Transmutation                2
   c - Spider Form                    Transmutation/Poison         3
   d - Ice Form                       Ice/Transmutation            4
   e - Blade Hands                    Transmutation                5
Comestibles
 c - 4 rations


   Skills:
 - Level 1.0 Fighting
 - Level 2.0 Dodging
 + Level 4.2 Stealth
 * Level 5.4 Unarmed Combat
 + Level 3.4 Spellcasting
 + Level 3.7 Transmutations
 + Level 0.9 Poison Magic


You had 8 spell levels left.
You knew the following spells:

 Your Spells              Type           Power        Failure   Level  Hunger
a - Beastly Appendage     Tmut           ##....       4%          1    None
b - Spider Form           Tmut/Pois      #.........   22%         3    ###....


Dungeon Overview and Level Annotations

Branches:
Dungeon (4/15)
 Temple: D:4-7

Altars:
Fedhas
Hepliaklqana
Qazlal
Sif Muna
Uskayaw
Yredelemnul
The Shining One

Annotations:
D:4 Dowan, Duvessa


Innate Abilities, Weirdness & Mutations

You cannot wear most types of armour.
You are very stealthy in the water. (Stealth+)
You are amphibious.
You can wear up to eight rings at the same time.
You can use your tentacles to constrict eight enemies at once.
Your skin changes colour to match your surroundings (Stealth+).
Your rubbery body absorbs attacks. (AC +1, EV +1)
One of your tentacles bears a large vicious spike.


Message History

Dowan mumbles some strange words.
Dowan blinks!
Duvessa hits you with a short sword.
An orc comes into view. It is wielding a club.
You closely miss Duvessa. You grab Duvessa.
You constrict Duvessa, but do no damage.
Dowan points at you and mumbles some strange words.
The puff of frost hits you!
The orc throws a tomahawk.
The tomahawk completely misses you.
Duvessa zaps a wand.
The puff of flame hits you!
* * * LOW HITPOINT WARNING * * *
You tentacle-slap Duvessa.
You pierce Duvessa.
Duvessa is lightly wounded.
You constrict Duvessa, but do no damage.
Dowan gestures at you while chanting. The puff of frost hits you!
* * * LOW HITPOINT WARNING * * *
Unknown command.
You release your grip on Duvessa.
Duvessa zaps a wand.
The puff of flame hits you!
You die...

##########.# #.#
##.#........# #.#
..#... ....# #.# #
#.#..####.######.#
#.##.#..#............
.o.......$..........
.##.#..####..#####.#
...#.##e.†.e.....#
#..
.......@..(..###.#
#.# ####.#######.#
#.# #.# # #.###.# #.#
#..##.# #.# ##.##.#
#.# ## #.##.# #.#
...########..#.# ##.#
#.............####...
#....................


You could see Duvessa and Dowan.

Vanquished Creatures
  Sigmund (D:2)
  A crimson imp (D:4)
  Natasha (thrice) (D:2)
  A worker ant (D:4)
  Robin (D:3)
  6 adders
  An ooze (D:1)
  4 worms (D:2)
  2 dart slugs (D:2)
  3 leopard geckos
  4 orcs (D:3)
  3 ball pythons
  2 giant cockroaches
  17 goblins
  13 hobgoblins
  4 jackals (D:3)
  4 quokkas
  8 bats
  5 frilled lizards
  A goblin skeleton (D:4)
  2 goblin zombies (D:4)
  3 hobgoblin zombies (D:4)
  10 kobolds
  A kobold skeleton (D:4)
  An orc skeleton (D:4)
  An orc zombie (D:4)
  9 rats
111 creatures vanquished.

Notes
Turn   | Place    | Note
-------+----------+-------------------------------------------
     0 | D:1      | shakethe the Octopode Transmuter began the quest for the Orb.
     0 | D:1      | Reached XP level 1. HP: 13/13 MP: 3/3
   585 | D:1      | Reached XP level 2. HP: 18/18 MP: 3/5
   616 | D:1      | Reached skill level 1 in Stealth
  1054 | D:1      | Reached XP level 3. HP: 21/23 MP: 4/6
  2024 | D:2      | Reached XP level 4. HP: 28/28 MP: 5/7
  2085 | D:2      | Reached skill level 4 in Unarmed Combat
  2333 | D:2      | Found a basalt altar of Yredelemnul.
  2435 | D:2      | Noticed Natasha
  2442 | D:2      | Killed Natasha
  2442 | D:2      | Reached XP level 5. HP: 31/33 MP: 6/9
  2515 | D:2      | Noticed Sigmund
  2533 | D:2      | Killed Sigmund
  2533 | D:2      | Reached XP level 6. HP: 34/38 MP: 8/10
  2541 | D:2      | Found a deep blue altar of Sif Muna.
  2749 | D:2      | Noticed Natasha
  2757 | D:2      | Killed Natasha
  2757 | D:2      | Reached skill level 5 in Unarmed Combat
  3049 | D:2      | Noticed Natasha
  3055 | D:2      | Killed Natasha
  3228 | D:3      | Learned a level 3 spell: Spider Form
  3233 | D:3      | Noticed Robin
  3453 | D:3      | Found a hazy altar of Hepliaklqana.
  3527 | D:3      | Found a blossoming altar of Fedhas.
  3758 | D:3      | Killed Robin
  4104 | D:3      | Found a stormy altar of Qazlal.
  4687 | D:4      | Reached XP level 7. HP: 37/43 MP: 10/12
  4785 | D:4      | Noticed Duvessa
  4908 | D:4      | Found a glowing golden altar of the Shining One.
  5011 | D:4      | Found a hide-covered altar of Uskayaw.
  5148 | D:4      | Noticed Dowan
  5152 | D:4      | HP: 1/43 [Dowan/puff of frost (8)]
  5153 | D:4      | Killed from afar by Duvessa

Skill      XL: |  1  2  3  4  5  6 |
---------------+-------------------+-----
Stealth        | 1 2 3 4 |  4.2
Unarmed Combat | 4 5 |  5.4
Spellcasting   | 3 |  3.4
Transmutations | 3 |  3.7
Fighting       | |  1.0
Dodging        | |  2.0
Poison Magic   | |  0.9

Action                   |  1- 3 |  4- 6 |  7- 9 || total
-------------------------+-------+-------+-------++-------
Melee: Unarmed           |    83 |   125 |    37 ||   245
       Constrict         |    18 |    44 |    11 ||    73
       Kick              |    17 |    26 |     1 ||    44
       Tentacles         |    10 |    25 |     3 ||    38
       Punch             |     2 |     1 |       ||     3
 Cast: Beastly Appendage |    24 |    21 |     1 ||    46
 Stab: Sleeping          |     5 |     7 |     5 ||    17
  Eat: Chunk             |     4 |     2 |     1 ||     7
       Ration            |       |     2 |       ||     2
Armor: Skin              |    11 |     9 |     2 ||    22
Dodge: Dodged            |    54 |    68 |    14 ||   136
